 Dungeon Crawl Stone Soup version 0.24-a0-515-gbe7f5e2e8d (webtiles) character file.

Game seed: 17396969235068845217

55 Greboboi the Sneak (level 3, -1/24 HPs)
             Began as an Octopode Assassin on July 21, 2019.
             Slain by a hobgoblin (4 damage)
             ... led by Robin
             ... on level 2 of the Dungeon.
             The game lasted 00:15:27 (1497 turns).

Greboboi the Sneak (Octopode Assassin)              Turns: 1497, Time: 00:15:27

Health: -1/24      AC:  1    Str: 10    XL:     3   Next: 93%
Magic:  3/3        EV: 13    Int: 13    God:
Gold:   80         SH:  0    Dex: 14    Spells: 2/2 levels left

rFire    . . .     SeeInvis .   a - +2 dagger
rCold    . . .     Gourm    .   (no shield)
rNeg     . . .     Faith    .   (helmet restricted)
rPois    .         Spirit   .   (no amulet)
rElec    .         Reflect  .   (no ring)
rCorr    .         Harm     .   (no ring)
MR       .....                  (no ring)
Stlth    ++++......             (no ring)
HPRegen  0.08/turn              (no ring)
MPRegen  0.08/turn              (no ring)
                                (no ring)
                                (no ring)

@: no status effects
A: almost no armour, stealthy swim, amphibious, 8 rings, constrict 8, camouflage
1, gelatinous body 1
a: no special abilities


You were on level 2 of the Dungeon.
You were not hungry.

You visited 1 branch of the dungeon, and saw 2 of its levels.

You collected 80 gold pieces.

Inventory:

Hand Weapons
 a - a +2 dagger (weapon)
Missiles
 j - 62 stones (quivered)
 k - 20 sling bullets
Scrolls
 e - a scroll of enchant weapon {unknown}
 f - a scroll of immolation {unknown}
 g - 3 scrolls of identify {unknown}
 h - a scroll of remove curse {unknown}
Potions
 i - a potion of magic {unknown}
 l - a potion of haste {unknown}
 m - a potion of resistance {unknown}
Comestibles
 d - a ration
 n - 6 chunks of flesh


   Skills:
 - Level 2.0 Fighting
 + Level 2.4 Short Blades
 * Level 2.9 Throwing
 + Level 1.6 Dodging
 - Level 6.0 Stealth


You had 2 spell levels left.
You didn't know any spells.
Your spell library was empty.

Dungeon Overview and Level Annotations

Branches:
Dungeon (2/15)

Altars:

Annotations:
D:2 Robin


Innate Abilities, Weirdness & Mutations

You cannot wear most types of armour.
You are very stealthy in the water. (Stealth+)
You are amphibious.
You can wear up to eight rings at the same time.
You can use your tentacles to constrict eight enemies at once.
Your skin changes colour to match your surroundings (Stealth+).
Your rubbery body absorbs attacks. (AC +1, EV +1)


Message History

The goblin shouts!
Your grab misses the goblin. The hobgoblin hits you!
You hit the goblin. Your grab misses the goblin.
The goblin is severely wounded.
The goblin closely misses you. The hobgoblin misses you.
You hit the goblin.
You kill the goblin!
Robin misses you.
A goblin comes into view. It is wielding a +0 club.
The hobgoblin closely misses you.
Robin laughs in a distinctly smug fashion.
The hobgoblin hits you!
* * * LOW HITPOINT WARNING * * *
The hobgoblin hits you.
* * * LOW HITPOINT WARNING * * *
Robin throws the goblin at you! The goblin barely misses you.
The goblin no longer looks unusually strong.
The hobgoblin no longer looks unusually strong.
The hobgoblin hits you.
You die...

# #..g.g....#
#########g# #....#g#
#)##.#.## #.#....g#
#.#..#..# #.#..#.g#
#.####.g# #......@######
#######......####
#...............########
###.##..####............
#.##..#.....#.#######.
#.##<.#.##.#.......##.
#.###.#.......####.##.
#.......#.....# #.##.
#####.#<....#.# #....


You could see Robin, a hobgoblin and 3 goblins.

Vanquished Creatures
  An adder (D:2)
  A dart slug (D:1)
  A leopard gecko (D:2)
  A giant cockroach (D:2)
  10 goblins
  4 hobgoblins
  3 jackals (D:1)
  3 bats (D:1)
  A frilled lizard (D:1)
  8 kobolds
  6 rats (D:1)
39 creatures vanquished.

Notes
Turn   | Place    | Note
-------+----------+-------------------------------------------
     0 | D:1      | Greboboi the Octopode Assassin began the quest for the Orb.
     0 | D:1      | Reached XP level 1. HP: 14/14 MP: 1/1
   323 | D:1      | Reached XP level 2. HP: 19/19 MP: 2/2
   820 | D:1      | Reached XP level 3. HP: 23/24 MP: 3/3
  1468 | D:2      | Reached skill level 6 in Stealth
  1473 | D:2      | Noticed Robin
  1497 | D:2      | Slain by a hobgoblin

Levels and vault maps discovered:
D:1:      erik_arrival_cave_to_civilisation [erik_arrival_cave_to_hall],
          layout_basic
D:2:      layout_basic, first_ration, okawaru_gym_becter, uniq_robin

Skill      XL: |  1  2  3 |
---------------+----------+-----
Stealth        | 6 |  6.0
Fighting       | |  2.0
Short Blades   | |  2.4
Throwing       | |  2.9
Dodging        | |  1.6

Action                   || total
-------------------------++-------
Melee: Dagger            ||    31
       Constrict         ||     8
       Tentacles         ||     4
Throw: Dart              ||    66
       Stone             ||     7
  Eat: Ration            ||     1
Armor: Skin              ||     4
Dodge: Dodged            ||    28

Table legend:
 A = Non-vault XP
 B = Vault XP
 C = Vault XP percentage of total XP
 D = Non-vault monster count
 E = Vault monster count
 F = Vault count percentage of total count
                 A         B        C        D         E       F
            +---------+---------+-------+---------+---------+-------
      Total |      65 |      14 |  17.7 |      32 |       7 |  17.9
            +---------+---------+-------+---------+---------+-------
        D:1 |      40 |       0 |   0.0 |      25 |       0 |   0.0
        D:2 |      25 |      14 |  35.9 |       7 |       7 |  50.0
            +---------+---------+-------+---------+---------+-------
